 Dungeon Crawl Stone Soup version 0.30-a0-953-g5f1da4a474 (webtiles) character file.

Game seed: 5845826560553937075

4334 DeathPants the Cruncher (level 10, 0/53 HPs)
             Began as a Vine Stalker Gladiator on Mar 28, 2023.
             Was an Initiate of Gozag.
             Killed by nerve-wracking pain
             ... invoked by an orc priest
              (9 damage)
             ... while paralysed by a hornet
             ... on level 9 of the Dungeon.
             The game lasted 00:22:09 (6889 turns).

DeathPants the Cruncher (Vine Stalker Gladiator)    Turns: 6889, Time: 00:22:09

Health: 0/53       AC:  7    Str: 17    XL:     10   Next: 33%
Magic:  0/18       EV:  2    Int: 12    God:    Gozag
Gold:   1095       SH:  0    Dex: 16    Spells: 15/19 levels left

rFire   . . .      SeeInvis .    b - +2 quarterstaff (spect)
rCold   . . .      Faith    .    (shield currently unavailable)
rNeg    . . .      Spirit   +    p - +0 troll leather armour {Pargi}
rPois   .          Reflect  .    c - +0 helmet
rElec   .          Rampage  .    E - +0 cloak
rCorr   +                        (no gloves)
Will    +....                    I - +0 pair of boots
Stlth   +                        r - amulet of regeneration
HPRegen 2.68/turn                h - ring of resist corrosion
MPRegen 0.16/turn                (no ring)

@: paralysed, lethally poisoned (0 -> -8), slowed
A: fangs 3, regeneration 1, magic shield, antimagic bite, no potion heal 2
a: Renounce Religion, Potion Petition, Call Merchant, Bribe Branch


You were on level 9 of the Dungeon.
You worshipped Gozag.
Gozag was most pleased with you.
You visited 2 branches of the dungeon, and saw 10 of its levels.
You also visited: Sewer.

You collected 1231 gold pieces.
You paid 136 gold pieces to Gozag.

Inventory:

Hand Weapons
 a - a +0 quarterstaff
 b - a +2 spectral quarterstaff (weapon)
Missiles
 d - 5 throwing nets (quivered)
 e - 6 javelins
 l - 32 poisoned darts
 o - a curare-tipped dart
 s - 9 boomerangs
Armour
 c - a +0 helmet (worn)
 p - a +0 troll leather armour (worn) {Pargi}
 E - a +0 cloak (worn)
 I - a +0 pair of boots (worn)
Jewellery
 h - a ring of resist corrosion (left hand)
 r - an amulet of regeneration (around neck)
 D - an amulet of reflection
Wands
 K - a wand of flame (20)
Scrolls
 m - a scroll of enchant weapon {unknown}
 n - a scroll of butterflies {unknown}
 q - a scroll of magic mapping {unknown}
 w - a scroll of teleportation
 y - 2 scrolls of fog
 z - a scroll of amnesia {unknown}
 A - a scroll of brand weapon {unknown}
 C - a scroll of immolation {unknown}
 F - a scroll of enchant armour {unknown}
 G - a scroll of fear
 J - a scroll of poison {unknown}
Potions
 f - 2 potions of haste
 g - 3 potions of might
 i - 4 potions of lignification
 j - 5 potions of mutation
 k - 3 potions of curing {unknown}
 t - 4 potions of flight {unknown}
 u - a potion of magic {unknown}
 v - a potion of brilliance {unknown}
 x - 2 potions of degeneration {unknown}
 B - a potion of ambrosia {unknown}
 H - a potion of attraction {unknown}


   Skills:
 * Level 6.5 Fighting
 * Level 8.8 Staves
 - Level 1.7 Throwing
 - Level 6.3 Dodging
 * Level 5.1 Spellcasting
 * Level 2.9 Necromancy


You had 15 spell levels left.
You knew the following spells:

 Your Spells              Type           Power      Damage    Failure   Level
a - Dispel Undead         Necr           10%        3d9       58%         4

Your spell library contained the following spells:

 Spells                   Type           Power      Damage    Failure   Level
 Kiss of Death            Conj/Necr      24%        2d7       13%         1
 Blink                    Tloc           6%         N/A       36%         2
 Static Discharge         Conj/Air       6%         2-3/arc   36%         2
 Confusing Touch          Hex            3%         N/A       58%         3
 Ignite Poison            Fire/Tmut/Pois 3%         N/A       58%         3
 Kindle Blastsparks       Fire/Tloc/Air  6%         2d10      58%         3
 Vhi's Electric Charge    Tloc/Air       6%         N/A       58%         3
 Manifold Assault         Tloc           3%         N/A       94%         4
 Sticky Flame             Conj/Fire      3%         2d3       94%         4
 Arcjolt                  Conj/Air       1%         1d11      100%        5
 Freezing Cloud           Conj/Ice/Air   1%         6-21      100%        5
 Plasma Beam              Fire/Air       1%         2x1d8     100%        5
 Storm Form               Tmut/Air       1%         N/A       100%        7
 Ignition                 Fire           1%         3d3       100%        8


Dungeon Overview and Level Annotations

Branches:
Dungeon (9/15)             Temple (1/1) D:5           Sewer (visited)
   Lair: D:8-11         Orc: D:9-12

Altars:
Ashenzari
Cheibriados
Dithmenos
Elyvilon
Fedhas
Gozag
Hepliaklqana
Kikubaaqudgha
Makhleb
Nemelex Xobeh
Okawaru
Qazlal
Ru
Trog
Uskayaw
Vehumet
Wu Jian
Yredelemnul
Zin
The Shining One

Shops:
D:2 (   D:3 [

Annotations:
D:5 1 runed translucent door, Nabski's ghost, novice TeFE


Innate Abilities, Weirdness & Mutations

You have razor-sharp teeth.
Your natural rate of healing is unusually fast.
When hurt, damage is shared between your health and your magic reserves.
Your bite disrupts and absorbs the magic of your enemies.
Potions cannot restore your health.


Message History

You sock the hornet! Your bite misses the hornet.
The hornet is almost dead.
Your +2 spectral quarterstaff closely misses the hornet.
You feel very sick. The hornet misses you. The hornet barely misses you.
An orc priest comes into view. It is wielding a +0 dagger.
You closely miss the hornet.
The hornet is almost dead.
Your +2 spectral quarterstaff completely misses the hornet.
You feel very sick. The hornet misses you. The hornet closely misses you.
You hit the hornet but do no damage. You bite the hornet, but do no damage.
The hornet is almost dead.
Your +2 spectral quarterstaff hits the hornet.
You feel sick. The hornet stings you.
You are more poisoned.
You suddenly lose the ability to move!
The orc wizard hits your +2 spectral quarterstaff but does no damage.
The hornet stings you.
You are more poisoned.
You shrug off the repeated paralysis!
The orc priest calls down the wrath of Beogh upon you.
Beogh smites you! The orc hits you but does no damage.
The orc wizard hits your +2 spectral quarterstaff with a +0 dagger.
Your spectral weapon shares its damage with you!
You feel yourself speed up.
You feel very sick. The hornet stings you.
* * * LOW HITPOINT WARNING * * *
You feel yourself slow down. The hornet stings you.
You feel as though you will be slow longer.
You feel very sick. The hornet stings you!
* * * LOW HITPOINT WARNING * * *
You are more poisoned.
You shrug off the repeated paralysis!
The orc priest mumbles some strange prayers to Beogh against you.
Pain shoots through your body!
You die...
Your body crumbles into a pile of gold.

#..# ....
###+###..# .....
.........###.....
.................
.................
.................
........<........
.....##'#........
.....#.@#####..##
.... +oyo...#..#
... #.o...## .#
#.. #o....# #
#'###.+ .. ## ..
...


You could see a hornet, 2 orc priests, an orc wizard and an orc.

Vanquished Creatures
  A two-headed ogre (D:6)
  Prince Ribbit (D:8)
  A steam dragon (D:7)
  Edmund (D:5)
  A sky beast (D:7)
  Duvessa (D:5)
  2 ice beasts
  Pargi (Sewer)
  2 orc warriors (D:8)
  2 ogres (D:5)
  A phantom (D:6)
  3 kobold brigands
  3 bullfrogs
  4 scorpions
  2 gnoll sergeants (D:7)
  7 wights (D:7)
  Dowan (D:5)
  2 gnoll boudas (D:8)
  3 hounds
  2 jellies
  5 orc priests
  3 iguanas
  14 orc wizards
  22 gnolls
  11 adders
  2 shadow imps
  A white imp (D:7)
  4 worms
  2 dart slugs
  32 orcs
  11 ball pythons
  6 bats
  2 endoplasms
  5 giant cockroaches
  6 goblins
  8 hobgoblins
  11 jackals
  21 kobolds
  A quokka (D:4)
  3 frilled lizards
  12 rats
223 creatures vanquished.

Vanquished Creatures (others)
  4 plants (D:4)
4 creatures vanquished.

Grand Total: 227 creatures vanquished

Notes
Turn   | Place    | Note
-------+----------+-------------------------------------------
     0 | D:1      | DeathPants the Vine Stalker Gladiator began the quest for
                  | the Orb.
     0 | D:1      | Reached XP level 1. HP: 11/11 MP: 2/2
   100 | D:1      | Reached skill level 3 in Staves
   100 | D:1      | Reached XP level 2. HP: 7/15 MP: 0/3
   285 | D:1      | Found a faded altar of an unknown god.
   418 | D:1      | Reached XP level 3. HP: 16/18 MP: 4/4
   863 | D:1      | Identified a scroll of acquirement
   863 | D:1      | Acquired a +2 spectral quarterstaff
   922 | D:2      | Found Wicraroo's Weapon Boutique.
  1175 | D:2      | Gained mutation: Your natural rate of healing is unusually
                  | fast. [Vine Stalker growth]
  1175 | D:2      | Reached XP level 4. HP: 23/23 MP: 2/5
  1356 | D:3      | Noticed a kobold brigand
  1380 | D:3      | Killed a kobold brigand
  1381 | D:3      | Reached skill level 4 in Staves
  1381 | D:3      | Reached XP level 5. HP: 26/28 MP: 3/6
  1726 | D:3      | Found Biufal's Armour Shoppe.
  1919 | D:4      | Reached skill level 5 in Staves
  1919 | D:4      | Reached XP level 6. HP: 26/32 MP: 5/7
  1987 | D:4      | Found a glowing drain.
  2047 | Sewer    | Entered a sewer
  2057 | Sewer    | Noticed Pargi
  2061 | Sewer    | Killed Pargi
  2283 | D:3      | Found a sparkling altar of Nemelex Xobeh.
  2345 | D:3      | Found a stormy altar of Qazlal.
  2719 | D:4      | Reached XP level 7. HP: 35/37 MP: 6/8
  3177 | D:5      | Entered Level 5 of the Dungeon
  3189 | D:5      | Found a staircase to the Ecumenical Temple.
  3224 | Temple   | Entered the Ecumenical Temple
  3419 | D:5      | Noticed Dowan
  3424 | D:5      | Noticed Duvessa
  3431 | D:5      | Killed Duvessa
  3432 | D:5      | Reached skill level 6 in Staves
  3436 | D:5      | Killed Dowan
  3439 | D:5      | Found a runed translucent door.
  3462 | D:5      | Noticed Nabski's ghost (novice TeFE)
  3619 | D:5      | Gained mutation: You have razor-sharp teeth. [Vine Stalker
                  | growth]
  3619 | D:5      | Reached XP level 8. HP: 42/42 MP: 9/9
  3977 | D:6      | Found an opulent altar of Gozag.
  3993 | D:6      | Reached skill level 1 in Spellcasting
  4027 | D:6      | Became a worshipper of Gozag Ym Sagoz the Greedy
  4071 | D:6      | Noticed a two-headed ogre
  4079 | D:6      | Killed a two-headed ogre
  4080 | D:6      | Reached skill level 5 in Fighting
  4080 | D:6      | Reached skill level 7 in Staves
  4080 | D:6      | Reached skill level 5 in Dodging
  4080 | D:6      | Reached XP level 9. HP: 47/47 MP: 10/13
  4371 | D:5      | Noticed Edmund
  4380 | D:5      | Killed Edmund
  4955 | D:6      | Found a glowing silver altar of Zin.
  4955 | D:6      | Found a shadowy altar of Dithmenos.
  5335 | D:7      | Reached skill level 8 in Staves
  5492 | D:8      | Noticed Prince Ribbit
  5500 | D:8      | Killed Prince Ribbit
  5585 | D:7      | Learned a level 4 spell: Dispel Undead
  5684 | D:7      | Reached skill level 1 in Necromancy
  5700 | D:7      | Reached XP level 10. HP: 37/53 MP: 10/17
  6017 | D:7      | Found a sacrificial altar of Ru.
  6427 | D:8      | Reached skill level 5 in Spellcasting
  6887 | D:9      | Paralysed by a hornet for 3 turns
  6889 | D:9      | Killed from afar by an orc priest

Illustrated notes

Levels and vault maps discovered:
D:1:      eino_arrival_cavern_a, layout_basic,
          dreamdust_ecumenical_altar_angels_and_demons,
          nicolae_kite_square_tiling_tiny
D:2:      layout_basic, serial_shops,
          nicolae_shop_temple_entry_statues_fountains
D:3:      layout_loops_cross, mainiacjoe_overflow_tiny_flanked,
          nicolae_qazlal_general_emergency, serial_shops, shop,
          serial_bayou_pond_d
D:4:      layout_cave_pools, portal_sewer_entry_c, lexackson_kobold_supper
D:5:      layout_layer_cave, minmay_temple_entry_statues_fountains,
          hellmonk_ghost_happy_afterlife, uniq_duvessa, uniq_edmund
D:6:      layout_rooms, gammafunk_temple_overflow_pools,
          nicolae_gozag_seed_capital
D:7:      layout_cave_pools, nicolae_ru_path_of_blood, corexii_hall_statues_x
D:8:      layout_layer_cave, uniq_prince_ribbit1
D:9:      layout_irregular_city, xom_butterflies, kennysheep_generic_room_3,
          uniq_pikel, uniq_maggie
Temple:   compressed_dpeg_circular_temple

Skill      XL: |  1  2  3  4  5  6  7  8  9 10 |
---------------+-------------------------------+-----
Fighting       | 2 3 4 5 6 |  6.5
Staves         | 3 4 5 6 7 8 |  8.8
Dodging        | 3 4 5 6 |  6.3
Spellcasting   | 2 4 5 |  5.1
Necromancy     | 1 2 |  2.9
Throwing       | |  1.7

Action                     |  1- 3 |  4- 6 |  7- 9 | 10-12 || total
---------------------------+-------+-------+-------+-------++-------
  Melee: Quarterstaff      |    73 |   101 |   209 |   116 ||   499
         Bite              |    14 |    26 |    70 |    43 ||   153
  Throw: Throwing net      |       |       |     1 |       ||     1
    Use: Scroll            |     1 |     2 |     5 |       ||     8
         Potion            |       |     1 |     2 |       ||     3
   Stab: Distracted        |       |     1 |     2 |     2 ||     5
         Sleeping          |       |     2 |       |       ||     2
         Held in net/web   |       |       |     1 |       ||     1
 Armour: Leather armour    |    36 |       |       |       ||    36
         Troll leather arm |     9 |    32 |    63 |    26 ||   130
  Dodge: Dodged            |    64 |    57 |   123 |    62 ||   306

Table legend: (Time is in decaauts)
 A = Elapsed time spent in this place.
 B = Non-inter-level travel time spent in this place.
 C = Inter-level travel time spent in this place.
 D = Time resting spent in this place.
 E = Time spent auto-exploring this place.
 F = Levels seen in this place.
 G = Mean time per level.
                   A        B        C        D        E       F      G
               +--------+--------+--------+--------+--------+-----+--------+
         Total |   6896 |   6688 |    208 |    150 |   4468 |  11 |  626.9 |
       Dungeon |   6631 |   6423 |    208 |    150 |   4367 |   9 |  736.8 |
        Temple |     88 |     88 |      0 |      0 |     61 |   1 |   88.0 |
         Sewer |    176 |    176 |      0 |      0 |     40 |   1 |  176.0 |
               +--------+--------+--------+--------+--------+-----+--------+

Top non-repeatable levels by time:
     D:5: 1348 daAuts
     D:1: 887 daAuts
     D:8: 805 daAuts
     D:4: 757 daAuts
     D:2: 741 daAuts
     D:7: 716 daAuts
     D:6: 691 daAuts
     D:3: 646 daAuts
   Sewer: 176 daAuts
  Temple: 88 daAuts
     D:9: 36 daAuts
